 Dungeon Crawl Stone Soup version 0.17-a0-1632-g0af21bd (webtiles) character file.

4995 urechis the Grappler (level 10, -3/104 HPs)
             Began as a Troll Monk on Aug 3, 2015.
             Slain by a wasp (6 damage)
             ... on level 9 of the Dungeon.
             The game lasted 00:13:47 (6535 turns).

urechis the Grappler (Troll Monk)                   Turns: 6535, Time: 00:13:47

Health: -3/104     AC:  5    Str: 21    XL:     10   Next: 29%
Magic:  0/9        EV:  8    Int:  6    God:
Gold:   398        SH:  0    Dex: 20    Spells: 0 memorised, 9 levels left

rFire  . . .     SeeInvis +       - Unarmed
rCold  . . .     Clarity  .     y - +0 robe
rNeg   . . .     SustAt   .     (no shield)
rPois  .         Gourm    +     (helmet restricted)
rElec  .         Spirit   +     (no cloak)
rCorr  .         Warding  .     (gloves unavailable)
rMut   .         Stasis   .     (boots unavailable)
MR     .....                    F - amulet of guardian spirit
Stlth  +++.......               (no ring)
                                L - ring of see invisible

@: agile, lethally poisoned (-3 -> -4), held, slowed, very slow, not resistant
to hostile enchantments, fairly stealthy
A: unfitting armour, claws 3, fast metabolism 3, gourmand, regeneration 2,
shaggy fur 1, tough skin 2
a: no special abilities


You were on level 9 of the Dungeon.
You were very full.

You visited 2 branches of the dungeon, and saw 10 of its levels.

You collected 398 gold pieces.

Inventory:

Armour
 y - a +0 robe (worn)
Rods
 b - a +0 rod of destruction (11/11)
   (You found it on level 3 of the Dungeon)
Jewellery
 F - an amulet of guardian spirit (around neck)
 L - a ring of see invisible (left claw)
Magical devices
 C - a wand of random effects (31)
 G - a wand of random effects (21)
Scrolls
 c - a scroll of random uselessness {unknown}
 d - 5 scrolls of remove curse {unknown}
 g - 6 scrolls of identify {unknown}
 i - 4 scrolls of teleportation {unknown}
 k - 8 scrolls of enchant armour {unknown}
 l - 2 scrolls of recharging {unknown}
 m - a scroll of amnesia {unknown}
 o - 4 scrolls of immolation {unknown}
 q - 3 scrolls of blinking {unknown}
 s - a scroll of fear {unknown}
 t - a scroll of noise {unknown}
 x - a scroll of fog {unknown}
 I - 2 scrolls of magic mapping {unknown}
Potions
 e - a potion of ambrosia {unknown}
 h - 3 potions of might {unknown}
 j - 3 potions of agility
 n - a potion of haste {unknown}
 p - 2 potions of curing {unknown}
 r - a potion of cancellation {unknown}
 u - 5 potions of lignification {unknown}
 v - 4 potions of degeneration {unknown}
 w - a potion of brilliance {unknown}
 D - 2 potions of heal wounds {unknown}
 E - a potion of poison {unknown}
 H - a potion of mutation {unknown}
Books
 K - a book of Enchantments

   Spells                             Type                      Level
   a - Cause Fear                     Hexes                        4
   b - Silence                        Hexes/Air                    5
   c - Deflect Missiles               Charms/Air                   6
   d - Haste                          Charms                       6
   e - Discord                        Hexes                        8
Comestibles
 a - 9 bread rations
 f - 4 beef jerkies
 z - a slice of pizza
 A - 2 meat rations
 B - 7 fruits
 J - a chunk of flesh


   Skills:
 + Level 7.6 Fighting
 - Level 2.4 Dodging
 - Level 1.1 Stealth
 * Level 12.8 Unarmed Combat


You had 9 spell levels left.
You didn't know any spells.

Dungeon Overview and Level Annotations

Branches:
Dungeon (9/15)             Temple (1/1) D:5
   Lair: D:8-11         Orc: D:9-12

Altars:
Ashenzari
Cheibriados
Dithmenos
Elyvilon
Fedhas
Gozag
Kikubaaqudgha
Makhleb
Nemelex Xobeh
Okawaru
Qazlal
Ru
Sif Muna
Trog
Vehumet
Xom
Yredelemnul
Zin
The Shining One


Innate Abilities, Weirdness & Mutations

You are too large for most types of armour.
You have claws for hands.
Your metabolism is lightning-fast.
You like to eat raw meat.
You heal very quickly.
You are covered in fur (AC +1).
You have very tough skin (AC +2).


Message History

You become entangled in the net!
You stop ascending the stairs.
You tear a large gash into the net.
You feel sick. The hound barely misses you. The wasp stings you!
* * * LOW HITPOINT WARNING * * *
You are more poisoned.
You feel as though you will be slow longer.
The gnoll hits you but does no damage. The hound bites you.
* * * LOW HITPOINT WARNING * * *
The wasp stings you!
* * * LOW HITPOINT WARNING * * *
You feel as though you will be slow longer.
The gnoll hits you from afar with a spear.
* * * LOW HITPOINT WARNING * * *
Drink which item? (? for menu, Esc to quit)
It was a potion of agility.
You feel agile all of a sudden.
You feel sick. The hound bites you.
* * * LOW HITPOINT WARNING * * *
The wasp stings you.
You die...

..#.. .....### .......
... #.#..# ....#######
#....#
.......@yS###..#.# .
#......gh....(.#.## $.
........gg.._.....##...
.......................
.......#..#.......#....
.......##.##.##........
#.....# #.....†).......
....## ...............
... ................


You could see a wasp, a hound, 3 gnolls and an adder.

Vanquished Creatures
  The ghost of PeterLawrence the Basher, an experienced MiFi of Okawaru (D:8)
  Pikel (D:6)
  The ghost of maniek23 the Shooter, an experienced HEHu of Vehumet (D:4)
  Sigmund (D:3)
  A hippogriff (D:9)
  Duvessa (D:6)
  A black bear (D:9)
  A water moccasin (D:7)
  2 orc warriors
  4 sky beasts
  2 ice beasts
  4 ogres
  A slave (D:6)
  2 centaurs
  Blork the orc (D:4)
  5 giant frogs
  Dowan (D:6)
  A giant frog zombie (D:5)
  7 crimson imps
  A quasit (D:7)
  5 orc priests
  3 hounds
  2 giant frog skeletons (D:6)
  2 iguanas
  9 orc wizards
  9 worker ants
  A hound zombie (D:5)
  A hound skeleton (D:4)
  8 gnolls
  6 adders
  2 shadow imps
  An adder zombie (D:6)
  An adder skeleton (D:4)
  2 worms
  6 giant geckos
  48 orcs
  3 bats (D:1)
  3 giant cockroaches
  3 goblins (D:1)
  8 hobgoblins
  10 jackals
  A quokka (D:2)
  A ball python (D:4)
  A giant newt (D:1)
  A jackal zombie (D:6)
  10 kobolds
  10 rats
196 creatures vanquished.

Notes
Turn   | Place    | Note
--------------------------------------------------------------
     0 | D:1      | urechis the Troll Monk began the quest for the Orb.
     0 | D:1      | Reached XP level 1. HP: 22/22 MP: 0/0
   280 | D:1      | Reached XP level 2. HP: 29/29 MP: 1/1
   944 | D:2      | Reached XP level 3. HP: 33/36 MP: 2/2
  1047 | D:2      | Found a sacrificial altar of Ru.
  1371 | D:2      | Found a glowing silver altar of Zin.
  1371 | D:2      | Found a white marble altar of Elyvilon.
  1447 | D:3      | Reached skill level 5 in Unarmed Combat
  1451 | D:3      | Reached XP level 4. HP: 14/45 MP: 3/3
  1511 | D:3      | Found an ancient bone altar of Kikubaaqudgha.
  1743 | D:3      | Identified a +0 rod of destruction (11/11) (You found it on level 3 of the Dungeon)
  1745 | D:3      | Noticed Sigmund
  1759 | D:3      | Killed Sigmund
  1759 | D:3      | Reached skill level 6 in Unarmed Combat
  1759 | D:3      | Reached XP level 5. HP: 42/54 MP: 4/4
  1759 | D:3      | Reached XP level 6. HP: 48/62 MP: 5/5
  2139 | D:4      | Reached skill level 7 in Unarmed Combat
  2159 | D:4      | Noticed maniek23's ghost (experienced HEHu)
  2176 | D:4      | Killed maniek23's ghost
  2176 | D:4      | Reached skill level 8 in Unarmed Combat
  2176 | D:4      | Reached XP level 7. HP: 63/71 MP: 6/6
  2295 | D:4      | Noticed Blork the orc
  2343 | D:4      | Killed Blork the orc
  2614 | D:4      | Reached skill level 5 in Fighting
  2933 | D:5      | Entered Level 5 of the Dungeon
  3105 | D:5      | Reached XP level 8. HP: 65/80 MP: 7/7
  3129 | D:5      | Reached skill level 9 in Unarmed Combat
  3291 | D:5      | Found a staircase to the Ecumenical Temple.
  3299 | Temple   | Entered the Ecumenical Temple
  3523 | D:5      | Reached skill level 10 in Unarmed Combat
  4013 | D:6      | Found an opulent altar of Gozag.
  4048 | D:6      | Noticed Dowan
  4051 | D:6      | Reached XP level 9. HP: 57/89 MP: 8/8
  4057 | D:6      | Noticed Duvessa
  4057 | D:6      | Killed Dowan
  4060 | D:6      | Killed Duvessa
  4249 | D:6      | Noticed Pikel
  4264 | D:6      | Killed Pikel
  4264 | D:6      | Reached skill level 11 in Unarmed Combat
  4714 | D:6      | You fall through a shaft!
  5321 | D:7      | Reached skill level 12 in Unarmed Combat
  6055 | D:8      | Reached XP level 10. HP: 81/102 MP: 9/9
  6271 | D:8      | Noticed PeterLawrence's ghost (experienced MiFi)
  6284 | D:8      | Killed PeterLawrence's ghost
  6449 | D:8      | Found a shattered altar of Ashenzari.
  6464 | D:8      | Found a deep blue altar of Sif Muna.
  6503 | D:9      | Found a bloodstained altar of Trog.
  6535 | D:9      | HP: 3/104 [hound (3)]
  6535 | D:9      | Slain by a wasp

Vault maps used:
D:1:      dpeg_arrival_arbitrary_c, minmay_misc_feat_ornament
D:2:      gammafunk_temple_overflow_statue, nicolae_ru_sacrificial_ziggurat
D:3:      lemuel_doored_altar, uniq_sigmund
D:4:      uniq_blork_the_orc
D:5:      minmay_temple_entry_hall, first_bread, serial_bayou_crossing
D:6:      grunt_gozag_statues, uniq_duvessa, uniq_pikel
D:7:      enter_ossuary_2
D:8:      gammafunk_temple_overflow_wave, kennysheep_another_room
D:9:      bloody_trog, lair_0_dummy, serial_curves, eino_curves_03,
          eino_curves_04, grunt_ministairs_7
Temple:   circular_temple_pool_12

Action                   |  1- 3 |  4- 6 |  7- 9 | 10-12 || total
-------------------------+-------+-------+-------+-------++-------
Melee: Unarmed           |    68 |    95 |   310 |    54 ||   527
 Fire: Blowgun           |       |     2 |       |       ||     2
Evoke: Rod               |       |     1 |     4 |       ||     5
  Use: Potion            |       |       |       |     1 ||     1
 Stab: Sleeping          |     2 |     1 |     4 |       ||     7
  Eat: Chunk             |    16 |     6 |    39 |     5 ||    66
